 Dungeon Crawl Stone Soup version 0.30-b1-2-g02819fbbbe (webtiles) character file.

Game seed: 8807840273806197478

28 emikaela the Cudgeller (level 3, -1/31 HPs)
             Began as a Meteoran Chaos Knight on May 20, 2023.
             Was a Plaything of Xom.
             Slain by a gnoll
             ... wielding a +0 spear
              (6 damage)
             ... on level 2 of the Dungeon.
             The game lasted 00:01:53 (357 turns).

emikaela the Cudgeller (Meteoran Chaos Knight)       Turns: 357, Time: 00:01:53

Health: -1/31      AC:  5    Str: 16    XL:     3   Next: 47%
Magic:  4/4        EV: 17    Int: 13    God:    Xom [..*...]
Gold:   68         SH:  0    Dex: 13    Spells: 2/2 levels left

rFire   . . .        a - +0 mace (chaos)
rCold   . . .        (no shield)
rNeg    . . .        b - +2 leather armour
rPois   .            (no helmet)
rElec   .            (no cloak)
rCorr   .            (no gloves)
SInv    .            (no boots)
Will    .....        (no amulet)
Stlth   +            e - +5 ring of evasion
HPRegen 0.25/turn    (no ring)
MPRegen 0.09/turn

%: no passive effects
@: mighty, weak-willed, glowing
A: sense surroundings 1, otherworldly, glowing, explore regen
a: Renounce Religion


You were on level 2 of the Dungeon.
You worshipped Xom.
You were a toy of Xom.
You visited 1 branch of the dungeon, and saw 2 of its levels.

You collected 68 gold pieces.

Inventory:

Hand Weapons
 a - a +0 mace of chaos (weapon)
Missiles
 s - 6 stones (quivered)
Armour
 b - a +2 leather armour (worn)
Jewellery
 e - a +5 ring of evasion (left hand)
Miscellaneous
 c - a piece from Xom's chessboard (15/15)


   Skills:
 + Level 3.6 Fighting
 + Level 4.3 Maces & Flails
 + Level 2.8 Armour
 + Level 1.9 Dodging
 + Level 0.7 Stealth


You had 2 spell levels left.
You didn't know any spells.
Your spell library was empty.

Dungeon Overview and Level Annotations

Branches:
Dungeon (2/15) Zot: 836

Altars:


Innate Abilities, Weirdness & Mutations

You passively map a small area around you.
You are easily found by Zot.
You glow in the dark.
You regain HP and MP as you explore.


Message History

The endoplasm quivers.
You hear a shout!
A gnoll comes into view. It is wielding a +0 flail.
The endoplasm jiggles.
Unknown command.
Xom smiles on you.
You feel very mighty all of a sudden.
You sock the endoplasm! You freeze the endoplasm.
You kill the endoplasm!
Unknown command.
A gnoll comes into view. It is wielding a +0 spear.
You are now a special plaything of Xom.
The gnoll barely misses you.
You sock the gnoll!
The gnoll suddenly seems more agile.
The gnoll is severely wounded.
The gnoll hits you with a +0 spear.
You closely miss the gnoll.
The gnoll is severely wounded.
The gnoll closely misses you.
You sock the gnoll!
You kill the gnoll! "First here, now there."
You swap places with the gnoll.
The gnoll looks rather confused.
Some monsters swap places.
You are now a toy of Xom.
The gnoll hits the gnoll with a +0 flail!
The gnoll hits you from afar with a +0 spear.
You hit the gnoll.
The gnoll is poisoned.
The gnoll is lightly wounded.
The gnoll hits you with a +0 flail! The gnoll hits you with a +0 club.
The gnoll misses you. The gnoll hits you with a +0 club.
The gnoll hits you from afar with a +0 spear.
The gnoll hits you with a +0 flail!
* * * LOW HITPOINT WARNING * * *
You are too injured to fight recklessly!
As you read the scroll labelled EQOJ RIVVAH, it crumbles to dust.
Magic quickly surges around you.
It was a scroll of vulnerability.
The gnoll barely misses you.
The gnoll hits you from afar with a +0 spear.
You die...

............# #.# , ,
#######.....# #.# .......
, #####.# #.# ..g.... *
#########.# #.# .......
,........#.# #.#*.......
#.........# #.# .......
#.........# #)#*.......
#.........######.##..!....
....###.#....g@.g........$
* *###.
#.#.######g......... #,
#.#.# #.#.......# **#.###
#.###..##.# * , .. *** #.#
..#* # ,, , ..# *..#* * *,
,* * ### .# * * ,.# * , *


You could see 3 gnolls.

Vanquished Creatures
  A gnoll (D:2)
  3 bats
  4 endoplasms
  A goblin (D:2)
  3 kobolds
  A quokka (D:1)
  2 ball pythons (D:1)
  A frilled lizard (D:2)
  2 rats
18 creatures vanquished.

Notes
Turn   | Place    | Note
-------+----------+-------------------------------------------
     0 | D:1      | emikaela the Meteoran Chaos Knight began the quest for the
                  | Orb.
     0 | D:1      | Reached XP level 1. HP: 19/19 MP: 2/2
   114 | D:1      | Reached XP level 2. HP: 25/26 MP: 3/3
   336 | D:2      | Reached XP level 3. HP: 26/31 MP: 4/4
   346 | D:2      | XOM: potion effect (might)
   355 | D:2      | XOM: swap monsters
   357 | D:2      | Slain by a gnoll

Illustrated notes

Levels and vault maps discovered:
D:1:      dpeg_arrival_another_circle, layout_loops_ring
D:2:      layout_basic, serial_shops, shop, basic_ecumenical_altar

Action                     || total
---------------------------++-------
  Melee: Mace              ||    33
    Use: Scroll            ||     1
 Armour: Leather armour    ||     3
  Dodge: Dodged            ||    24
